Avalanche vs Flames
(R3)
Created - April 28, 2021 at 19:26
Goals
|
Avalanche |
0 |
1 |
0 |
1 |
Flames |
0 |
1 |
2 |
3 |
|
Shots
|
Avalanche |
14 |
15 |
2 |
31 |
Flames |
9 |
6 |
10 |
25 |
|
1st period
No Goal
Penalties :
Paul Stastny (Col) for High sticking (Minor) at 0:44, Kyle Palmieri (Cal) for Interference (Minor) at 8:26, David Ullstrom (Cal) for Hooking (Minor) at 14:44
2nd period
1. Avalanche , Charlie Coyle 17 (Andrew Ladd 20, Paul Stastny 37) at 4:46
2. Flames , Steve Regier 11 (Jimmy Hayes 22, Anders Lee 10) at 16:30
Penalties :
Colby Robak (Cal) for Tripping (Minor) at 0:17, Colten Teubert (Col) for High sticking (Minor) at 5:27, David Ullstrom (Cal) for Roughing (Minor) at 8:15, Colby Robak (Cal) for High sticking (Minor) at 13:02, David Backes (Cal) for Slashing (Minor) at 13:26, Marc Staal (Col) for Hooking (Minor) at 16:39
3rd period
3. Flames , Alexander Semin 40 (Eric Staal 62) at 15:05 (PP)
4. Flames , Derek Meech 7 (Brad Marchand 41, Alexander Radulov 48) at 18:55
Penalties :
Kyle Palmieri (Cal) for Interference (Minor) at 2:48, Steve Regier (Cal) for Holding (Minor) at 5:08, Danny Richmond (Col) for Roughing (Minor) at 10:15, Christian Folin (Cal) for Interference (Minor) at 12:56, Charlie Coyle (Col) for Holding (Minor) at 15:04, Steve Regier (Cal) for Slashing (Minor) at 15:10, Jack Johnson (Col) for Tripping (Minor) at 19:12, Marc Staal (Col) for Roughing (Minor) at 19:28
Goalie Stats
Semyon Varlamov (Col), 22 saves from 25 shots - (0.880), L, 23-14-5, 60:00 minutes
Christopher Gibson (Cal), 30 saves from 31 shots - (0.968), W, 6-10-1, 60:00 minutes
Players Stats for Avalanche
Player Name G A P +/- PIM S H SB GA TA FO MP PP MP PK MP
------------------------------------------------------------------------------------
Andrew Ladd 0 1 1 1 0 2 1 0 2 0 0/0 12:21 0:08 2:59
Bryan Little 0 0 0 -1 0 4 4 0 0 0 11/29 20:30 9:43 0:00
Charlie Coyle 1 0 1 1 2 4 0 0 0 0 5/17 13:53 0:16 4:37
Colten Teubert 0 0 0 -1 2 1 1 2 0 1 0/0 21:14 8:15 2:15
Danny Richmond 0 0 0 -1 2 2 0 0 0 0 0/0 12:58 0:00 2:59
Erik Karlsson 0 0 0 -1 0 1 1 0 0 0 0/0 20:59 9:45 0:40
Evgeny Dadonov 0 0 0 0 0 1 2 0 0 0 0/0 16:01 8:24 0:00
Jack Johnson 0 0 0 1 2 1 0 2 0 1 0/0 24:41 8:15 4:41
James Van Riemsdyk 0 0 0 0 0 3 1 0 2 0 0/1 16:36 8:24 0:24
Kyle Turris 0 0 0 -1 0 1 0 1 0 0 0/1 7:29 0:00 2:08
Luke Witkowski 0 0 0 -1 0 0 3 0 0 0 0/1 9:49 0:00 4:37
Marc Staal 0 0 0 1 4 1 3 3 0 0 0/0 25:22 10:00 3:36
Mattias Ekholm 0 0 0 -1 0 2 0 0 0 2 0/0 14:47 0:15 3:16
Mikkel Boedker 0 0 0 -1 0 1 3 1 0 0 2/3 21:05 9:43 0:31
Patric Hornqvist 0 0 0 -1 0 1 0 0 1 1 1/1 20:30 9:43 0:00
Paul Stastny 0 1 1 0 2 3 2 0 1 0 1/6 16:26 8:24 0:00
Peter Prucha 0 0 0 1 0 3 0 0 0 1 0/2 10:49 0:00 1:41
Tomas Tatar 0 0 0 -1 0 0 1 0 0 0 0/0 5:08 0:00 0:00
Players Stats for Flames
Player Name G A P +/- PIM S H SB GA TA FO MP PP MP PK MP
------------------------------------------------------------------------------------
Alexander Radulov 0 1 1 1 0 3 1 0 0 0 1/1 12:59 5:00 0:00
Alexander Semin 1 0 1 0 0 2 2 0 2 0 1/2 16:43 5:00 0:46
Anders Lee 0 1 1 0 0 0 0 0 0 0 8/9 9:14 0:00 0:24
Brad Marchand 0 1 1 1 0 2 2 0 0 2 0/2 21:32 3:44 8:47
Brendan Mikkelson 0 0 0 -1 0 0 0 0 2 1 0/0 10:09 0:00 1:32
Christian Folin 0 0 0 -1 2 0 1 2 0 0 0/0 8:25 0:00 0:27
Colby Robak 0 0 0 1 4 0 3 1 0 1 0/0 21:45 3:23 6:09
Colin Wilson 0 0 0 1 0 2 3 0 0 0 6/10 20:27 3:44 7:51
David Backes 0 0 0 0 2 2 2 1 1 0 0/1 18:44 0:00 8:01
David Ullstrom 0 0 0 0 4 0 0 0 0 0 0/0 5:22 0:00 0:00
Derek Meech 1 0 1 1 0 1 0 0 0 0 0/0 23:39 3:23 8:07
Eric Staal 0 1 1 0 0 1 2 1 0 0 19/26 15:35 5:00 0:40
Erik Johnson 0 0 0 1 0 1 0 1 1 1 0/0 28:31 5:21 10:08
Jimmy Hayes 0 1 1 0 0 4 1 0 0 0 0/0 11:22 3:44 0:00
Kyle Palmieri 0 0 0 0 4 1 1 0 0 0 0/0 5:22 0:00 0:00
Sami Vatanen 0 0 0 1 0 1 1 0 0 1 0/0 28:31 5:21 10:08
Steve Regier 1 0 1 0 4 5 0 0 0 0 0/0 7:52 0:00 0:00
Vladimir Sobotka 0 0 0 0 0 0 0 0 0 0 6/10 13:48 0:00 8:24
3 Stars
1 - Christopher Gibson (Cal)
2 - Alexander Semin (Cal)
3 - Derek Meech (Cal)
Power Play
Avalanche - 0 on 10 Attempt(s) - 0.00%
Flames - 1 on 7 Attempt(s) - 14.29%
Penalty Kill
Avalanche - 6 on 7 Attempt(s) - 85.71%
- Score 0 goal in Penalty Kill
Flames - 10 on 10 Attempt(s) - 100.00%
- Score 0 goal in Penalty Kill
Team Stat
Avalanche - Hits : 22 - Faceoff Wins : 20 - Blocked Shots : 9 - Penalty Minutes : 14
Flames - Hits : 19 - Faceoff Wins : 41 - Blocked Shots : 6 - Penalty Minutes : 20
Official
Referees : Unknown
Linesman : Unknown
Game Notes
No Game Note
Finance
Level 1 -- Attendance: 5266 (87.77%) -- Ticket Income $584,526
Level 2 -- Attendance: 3660 (73.20%) -- Ticket Income $259,860
Level 3 -- Attendance: 1525 (76.25%) -- Ticket Income $70,150
Level 4 -- Attendance: 2902 (72.55%) -- Ticket Income $89,962
Luxury Box -- Attendance: 834 (83.40%) -- Ticket Income $163,464
Game was played at the Metal Center.
Total Attendance: 14187 (78.82%)
Total Ticket Income: $1,167,962
Other Income: $175,194
Total Income: $1,343,156
Avalanche
5 vs 5 Forward
Center Left Wing Right Wing Time % Phy DF OF
1 Bryan Little Mikkel Boedker Patric Hornqvist 35 1 2 2
2 Paul Stastny James Van Riemsdyk Evgeny Dadonov 30 1 2 2
3 Charlie Coyle Andrew Ladd Peter Prucha 25 1 2 2
4 Kyle Turris Tomas Tatar Luke Witkowski 10 1 2 2
5 vs 5 Defense
Defense Defense Time % Phy DF OF
1 Jack Johnson Marc Staal 40 1 2 2
2 Erik Karlsson Colten Teubert 35 1 2 2
3 Mattias Ekholm Danny Richmond 25 1 2 2
4 Jack Johnson Marc Staal 0 1 2 2
PowerPlay Forward
Center Left Wing Right Wing Time % Phy DF OF
1 Bryan Little Mikkel Boedker Patric Hornqvist 60 1 2 2
2 Paul Stastny James Van Riemsdyk Evgeny Dadonov 40 1 2 2
PowerPlay Defense
Defense Defense Time % Phy DF OF
1 Erik Karlsson Marc Staal 60 1 2 2
2 Jack Johnson Colten Teubert 40 1 2 2
Penalty Kill 4 Players Forward
Center Wing Time % Phy DF OF
1 Charlie Coyle Luke Witkowski 60 1 2 2
2 Kyle Turris Andrew Ladd 40 1 2 2
Penalty Kill 4 Players Defense
Defense Defense Time % Phy DF OF
1 Jack Johnson Marc Staal 60 1 2 2
2 Mattias Ekholm Colten Teubert 40 1 2 2
Penalty Kill - 3 Players Forward
Forward Time % Phy DF OF
1 Mikkel Boedker 60 1 2 2
2 Patric Hornqvist 40 1 2 2
Penalty Kill - 3 Players Defense
Defense Defense Time % Phy DF OF
1 Jack Johnson Marc Staal 60 1 2 2
2 Erik Karlsson Colten Teubert 40 1 2 2
4 vs 4 Forward
Center Wing Time % Phy DF OF
1 Mikkel Boedker Patric Hornqvist 60 1 2 2
2 Bryan Little Paul Stastny 40 1 2 2
4 vs 4 Defense
Defense Defense Time % Phy DF OF
1 Jack Johnson Marc Staal 60 1 2 2
2 Erik Karlsson Colten Teubert 40 1 2 2
Last Minutes Offensive
Center Left Wing Right Wing Defense Defense
Bryan Little Mikkel Boedker Patric Hornqvist Jack Johnson Erik Karlsson
Last Minutes Defensive
Center Left Wing Right Wing Defense Defense
Bryan Little Mikkel Boedker Patric Hornqvist Jack Johnson Marc Staal
Goaltenders
Starting : Semyon Varlamov
Backup : Cam Ward
Extra Forwards
Normal : Charlie Coyle, Andrew Ladd, Peter Prucha - PP : Charlie Coyle, Andrew Ladd - PK : Peter Prucha
Extra Defensemen
Normal : Mattias Ekholm, Danny Richmond, Erik Karlsson - PP : Mattias Ekholm - PK : Danny Richmond, Erik Karlsson
Penalty Shots
Mikkel Boedker, Patric Hornqvist, Bryan Little, Paul Stastny, Evgeny Dadonov
Scratches
None
Flames
5 vs 5 Forward
Center Left Wing Right Wing Time % Phy DF OF
1 Eric Staal Alexander Semin David Backes 40 1 2 2
2 Colin Wilson Brad Marchand Alexander Radulov 33 1 2 2
3 Anders Lee Steve Regier Jimmy Hayes 19 1 2 2
4 Vladimir Sobotka David Ullstrom Kyle Palmieri 8 1 2 2
5 vs 5 Defense
Defense Defense Time % Phy DF OF
1 Erik Johnson Sami Vatanen 38 1 2 2
2 Derek Meech Colby Robak 29 2 2 1
3 Christian Folin Brendan Mikkelson 23 2 2 1
4 Derek Meech Colby Robak 10 2 2 1
PowerPlay Forward
Center Left Wing Right Wing Time % Phy DF OF
1 Eric Staal Alexander Semin Alexander Radulov 60 1 2 2
2 Colin Wilson Brad Marchand Jimmy Hayes 40 1 2 2
PowerPlay Defense
Defense Defense Time % Phy DF OF
1 Erik Johnson Sami Vatanen 60 1 2 2
2 Derek Meech Colby Robak 40 1 2 2
Penalty Kill 4 Players Forward
Center Wing Time % Phy DF OF
1 Vladimir Sobotka David Backes 50 1 3 1
2 Colin Wilson Brad Marchand 50 1 3 1
Penalty Kill 4 Players Defense
Defense Defense Time % Phy DF OF
1 Erik Johnson Sami Vatanen 58 1 3 1
2 Derek Meech Colby Robak 42 1 3 1
Penalty Kill - 3 Players Forward
Forward Time % Phy DF OF
1 Eric Staal 50 1 4 0
2 Brad Marchand 50 1 4 0
Penalty Kill - 3 Players Defense
Defense Defense Time % Phy DF OF
1 Erik Johnson Sami Vatanen 58 1 4 0
2 Derek Meech Colby Robak 42 1 4 0
4 vs 4 Forward
Center Wing Time % Phy DF OF
1 Eric Staal Alexander Semin 60 2 2 1
2 Colin Wilson David Backes 40 2 2 1
4 vs 4 Defense
Defense Defense Time % Phy DF OF
1 Erik Johnson Sami Vatanen 60 2 2 1
2 Derek Meech Colby Robak 40 2 2 1
Last Minutes Offensive
Center Left Wing Right Wing Defense Defense
Eric Staal Alexander Semin David Backes Erik Johnson Sami Vatanen
Last Minutes Defensive
Center Left Wing Right Wing Defense Defense
Eric Staal Alexander Semin David Backes Erik Johnson Sami Vatanen
Goaltenders
Starting : Christopher Gibson
Backup : Henrik Lundqvist
Extra Forwards
Normal : Brad Marchand, Alexander Semin, David Ullstrom - PP : David Ullstrom, Colin Wilson - PK : Brad Marchand
Extra Defensemen
Normal : Sami Vatanen, Derek Meech, Colby Robak - PP : Derek Meech - PK : Brendan Mikkelson, Christian Folin
Penalty Shots
Eric Staal, Alexander Semin, David Backes, Brad Marchand, Colin Wilson
Scratches
Patrik Berglund (Sprained Left Ankle Injury)
% Time on Ice - Avalanche
Lines # - Real PCT - Wanted PCT - Time Play
Normal Forward
1 - 33% - 35% - 10:57
2 - 24% - 30% - 8:03
3 - 27% - 25% - 8:53
4 - 16% - 10% - 5:08
Normal Defense
1 - 36% - 40% - 11:47
2 - 34% - 35% - 11:20
3 - 30% - 25% - 9:54
4 - 0% - 0% - 0:00
PP Forward
1 - 54% - 60% - 9:51
2 - 46% - 40% - 8:24
PP Defense
1 - 55% - 60% - 10:00
2 - 45% - 40% - 8:15
PK Forward
1 - 77% - 60% - 6:18
2 - 23% - 40% - 1:55
PK Defense
1 - 60% - 60% - 4:57
2 - 40% - 40% - 3:16
PK3 Forward
1 - 100% - 60% - 0:31
2 - 0% - 40% - 0:00
PK3 Defense
1 - 100% - 60% - 0:31
2 - 0% - 40% - 0:00
44 Forward
1 - 0% - 60%
2 - 0% - 40%
44 Defense
1 - 0% - 60%
2 - 0% - 40%
Last Minute Offensive - 0:00
Last Minute Defensive - 0:00
Total
Forward - 60:00
Defense - 60:00
|
% Time on Ice - Flames
Lines # - Real PCT - Wanted PCT - Time Play
Normal Forward
1 - 31% - 40% - 10:11
2 - 30% - 33% - 9:45
3 - 24% - 19% - 7:48
4 - 16% - 8% - 5:17
Normal Defense
1 - 39% - 38% - 13:02
2 - 35% - 29% - 11:27
3 - 24% - 23% - 7:50
4 - 2% - 10% - 0:42
PP Forward
1 - 57% - 60% - 5:00
2 - 43% - 40% - 3:44
PP Defense
1 - 61% - 60% - 5:21
2 - 39% - 40% - 3:23
PK Forward
1 - 51% - 50% - 8:25
2 - 50% - 50% - 8:15
PK Defense
1 - 55% - 58% - 9:09
2 - 45% - 42% - 7:31
PK3 Forward
1 - 42% - 50% - 0:40
2 - 58% - 50% - 0:55
PK3 Defense
1 - 62% - 58% - 0:59
2 - 38% - 42% - 0:36
44 Forward
1 - 0% - 60%
2 - 0% - 40%
44 Defense
1 - 0% - 60%
2 - 0% - 40%
Last Minute Offensive - 0:00
Last Minute Defensive - 0:00
Total
Forward - 60:00
Defense - 60:00
|
Play-by-Play
1st period
0:01 of 1st period - Eric Staal wins face-off versus Bryan Little in neutral zone.
0:32 of 1st period - Erik Johnson is hit by James Van Riemsdyk and loses puck.
0:44 of 1st period - Minor Penalty to Paul Stastny for High sticking.
0:45 of 1st period - Eric Staal wins face-off versus Charlie Coyle in Avalanche zone.
1:47 of 1st period - Marc Staal is hit by Colin Wilson and loses puck.
2:02 of 1st period - Luke Witkowski is hit by Alexander Radulov and loses puck.
2:44 of 1st period - Penalty to Paul Stastny is over, Paul Stastny is back on ice.
2:55 of 1st period - Slapshot by Kyle Palmieri.
2:55 of 1st period - Shot Misses the Net.
3:59 of 1st period - Icing by Marc Staal.
4:00 of 1st period - Anders Lee wins face-off versus Peter Prucha in Avalanche zone.
4:01 of 1st period - Backhand shot by Steve Regier.
4:01 of 1st period - Stopped by Semyon Varlamov with a rebound.
4:03 of 1st period - Snap shot by Jimmy Hayes.
4:03 of 1st period - Stopped by Semyon Varlamov with a rebound.
4:05 of 1st period - Snap shot by Jimmy Hayes.
4:05 of 1st period - Shot Blocked by Jack Johnson.
4:07 of 1st period - Snap shot by Steve Regier.
4:07 of 1st period - Shot Misses the Net.
4:09 of 1st period - Snap shot by Steve Regier.
4:09 of 1st period - Stopped by Semyon Varlamov without a rebound.
4:10 of 1st period - Bryan Little wins face-off versus Eric Staal in Avalanche zone.
4:10 of 1st period - Bryan Little is hit by Colby Robak.
4:45 of 1st period - Snap shot by Alexander Radulov.
4:45 of 1st period - Shot Misses the Net.
5:25 of 1st period - Alexander Semin is hit by Tomas Tatar and loses puck.
6:24 of 1st period - Slapshot by Paul Stastny.
6:24 of 1st period - Stopped by Christopher Gibson with a rebound.
6:26 of 1st period - Snap shot by James Van Riemsdyk.
6:26 of 1st period - Stopped by Christopher Gibson with a rebound.
6:28 of 1st period - Snap shot by James Van Riemsdyk.
6:28 of 1st period - Stopped by Christopher Gibson with a rebound.
6:30 of 1st period - Slapshot by Paul Stastny.
6:30 of 1st period - Stopped by Christopher Gibson without a rebound.
6:31 of 1st period - Patric Hornqvist wins face-off versus Eric Staal in Flames zone.
6:40 of 1st period - Wrist shot by Patric Hornqvist.
6:40 of 1st period - Shot Blocked by Christian Folin.
6:58 of 1st period - Marc Staal is hit by Jimmy Hayes and loses puck.
7:36 of 1st period - Slapshot by Charlie Coyle.
7:36 of 1st period - Stopped by Christopher Gibson with a rebound.
8:26 of 1st period - Minor Penalty to Kyle Palmieri for Interference.
8:27 of 1st period - Vladimir Sobotka wins face-off versus Bryan Little in Flames zone.
8:59 of 1st period - Icing by Jack Johnson.
9:00 of 1st period - Paul Stastny wins face-off versus Vladimir Sobotka in Avalanche zone.
9:22 of 1st period - Slapshot by Jack Johnson.
9:22 of 1st period - Stopped by Christopher Gibson with a rebound.
9:24 of 1st period - Snap shot by James Van Riemsdyk.
9:24 of 1st period - Deflect By Paul Stastny.
9:24 of 1st period - Shot Misses the Net.
9:24 of 1st period - Puck is out of play.
9:25 of 1st period - Vladimir Sobotka wins face-off versus Bryan Little in Flames zone.
10:26 of 1st period - Penalty to Kyle Palmieri is over, Kyle Palmieri is back on ice.
10:35 of 1st period - Slapshot by Charlie Coyle.
10:35 of 1st period - Shot Misses the Net.
10:37 of 1st period - Snap shot by Danny Richmond.
10:37 of 1st period - Deflect By Colby Robak.
10:37 of 1st period - Stopped by Christopher Gibson with a rebound.
10:43 of 1st period - Wrist shot by Andrew Ladd.
10:43 of 1st period - Stopped by Christopher Gibson without a rebound.
10:44 of 1st period - Eric Staal wins face-off versus Paul Stastny in Flames zone.
10:44 of 1st period - Eric Staal is hit by Paul Stastny.
10:54 of 1st period - Off-side.
10:55 of 1st period - Bryan Little wins face-off versus Eric Staal in neutral zone.
11:16 of 1st period - David Backes is hit by Bryan Little.
11:26 of 1st period - Slapshot by Sami Vatanen.
11:26 of 1st period - Shot Misses the Net.
11:28 of 1st period - Slapshot by Colin Wilson.
11:28 of 1st period - Deflect By Alexander Radulov.
11:28 of 1st period - Stopped by Semyon Varlamov with a rebound.
11:30 of 1st period - Slapshot by Brad Marchand.
11:30 of 1st period - Stopped by Semyon Varlamov with a rebound.
11:32 of 1st period - Slapshot by Erik Johnson.
11:32 of 1st period - Deflect By Alexander Radulov.
11:32 of 1st period - Shot Blocked by Marc Staal.
11:32 of 1st period - Puck is out of play.
11:33 of 1st period - Colin Wilson wins face-off versus Paul Stastny in Avalanche zone.
11:34 of 1st period - Snap shot by Brad Marchand.
11:34 of 1st period - Shot Blocked by Colten Teubert.
12:23 of 1st period - Peter Prucha is hit by Brad Marchand and loses puck.
12:49 of 1st period - Snap shot by Kyle Turris.
12:49 of 1st period - Stopped by Christopher Gibson with a rebound.
12:51 of 1st period - Snap shot by Tomas Tatar.
12:51 of 1st period - Shot Blocked by Eric Staal.
12:53 of 1st period - Slapshot by Mattias Ekholm.
12:53 of 1st period - Shot Misses the Net.
13:08 of 1st period - Snap shot by Paul Stastny.
13:08 of 1st period - Stopped by Christopher Gibson with a rebound.
13:10 of 1st period - Slapshot by Danny Richmond.
13:10 of 1st period - Stopped by Christopher Gibson with a rebound.
13:26 of 1st period - Christian Folin is hit by Bryan Little and loses puck.
13:33 of 1st period - Slapshot by Sami Vatanen.
13:33 of 1st period - Stopped by Semyon Varlamov with a rebound.
13:47 of 1st period - Wrist shot by Eric Staal.
13:47 of 1st period - Stopped by Semyon Varlamov with a rebound.
13:49 of 1st period - Wrist shot by David Backes.
13:49 of 1st period - Stopped by Semyon Varlamov with a rebound.
13:59 of 1st period - David Backes is hit by Andrew Ladd and loses puck.
14:44 of 1st period - Minor Penalty to David Ullstrom for Hooking.
14:45 of 1st period - Vladimir Sobotka wins face-off versus Bryan Little in Flames zone.
16:04 of 1st period - Colin Wilson is hit by Evgeny Dadonov and loses puck.
16:21 of 1st period - Derek Meech is hit by Mikkel Boedker and loses puck.
16:44 of 1st period - Penalty to David Ullstrom is over, David Ullstrom is back on ice.
16:57 of 1st period - Snap shot by Andrew Ladd.
16:57 of 1st period - Deflect By Peter Prucha.
16:57 of 1st period - Stopped by Christopher Gibson without a rebound.
16:58 of 1st period - Anders Lee wins face-off versus Charlie Coyle in Flames zone.
17:09 of 1st period - Snap shot by Peter Prucha.
17:09 of 1st period - Stopped by Christopher Gibson without a rebound.
17:10 of 1st period - Eric Staal wins face-off versus Bryan Little in Flames zone.
17:21 of 1st period - Off-side.
17:22 of 1st period - Alexander Radulov wins face-off versus Bryan Little in neutral zone.
17:49 of 1st period - James Van Riemsdyk is hit by David Backes and loses puck.
18:08 of 1st period - David Backes is hit by Paul Stastny and loses puck.
18:33 of 1st period - Wrist shot by Evgeny Dadonov.
18:33 of 1st period - Stopped by Christopher Gibson with a rebound.
18:45 of 1st period - Slapshot by Eric Staal.
18:45 of 1st period - Deflect By Alexander Semin.
18:45 of 1st period - Shot Misses the Net.
18:45 of 1st period - Puck is out of play.
18:46 of 1st period - Bryan Little wins face-off versus Colin Wilson in Avalanche zone.
19:01 of 1st period - Wrist shot by Alexander Radulov.
19:01 of 1st period - Stopped by Semyon Varlamov without a rebound.
19:02 of 1st period - Anders Lee wins face-off versus Charlie Coyle in Avalanche zone.
19:27 of 1st period - Brad Marchand is hit by Mikkel Boedker.
19:32 of 1st period - Off-side.
19:33 of 1st period - Bryan Little wins face-off versus Brad Marchand in neutral zone.
Goals for this period are 0 for Avalanche vs 0 for Flames.
Shots for this period are 14 for Avalanche vs 9 for Flames.
2nd period
0:01 of 2nd period - Bryan Little wins face-off versus Eric Staal in neutral zone.
0:08 of 2nd period - Slapshot by Patric Hornqvist.
0:08 of 2nd period - Deflect By Mikkel Boedker.
0:08 of 2nd period - Shot Blocked by Colby Robak.
0:08 of 2nd period - Puck is out of play.
0:09 of 2nd period - Eric Staal wins face-off versus Bryan Little in Flames zone.
0:16 of 2nd period - Snap shot by Eric Staal.
0:16 of 2nd period - Shot Misses the Net.
0:17 of 2nd period - Minor Penalty to Colby Robak for Tripping.
0:18 of 2nd period - Bryan Little wins face-off versus Vladimir Sobotka in Flames zone.
0:35 of 2nd period - Snap shot by Bryan Little.
0:35 of 2nd period - Stopped by Christopher Gibson with a rebound.
1:52 of 2nd period - Colten Teubert is hit by Colin Wilson and loses puck.
2:17 of 2nd period - Penalty to Colby Robak is over, Colby Robak is back on ice.
2:32 of 2nd period - Danny Richmond is hit by Sami Vatanen and loses puck.
2:45 of 2nd period - Icing by Erik Johnson.
2:46 of 2nd period - Anders Lee wins face-off versus Charlie Coyle in Flames zone.
3:23 of 2nd period - Snap shot by Alexander Radulov.
3:23 of 2nd period - Stopped by Semyon Varlamov with a rebound.
3:25 of 2nd period - Snap shot by Alexander Radulov.
3:25 of 2nd period - Shot Misses the Net.
3:27 of 2nd period - Wrist shot by Brad Marchand.
3:27 of 2nd period - Shot Misses the Net.
3:41 of 2nd period - Snap shot by Mattias Ekholm.
3:41 of 2nd period - Deflect By Christian Folin.
3:41 of 2nd period - Stopped by Christopher Gibson without a rebound.
3:42 of 2nd period - Bryan Little wins face-off versus Vladimir Sobotka in Flames zone.
3:51 of 2nd period - Backhand shot by Mikkel Boedker.
3:51 of 2nd period - Shot Misses the Net.
3:53 of 2nd period - Snap shot by Mikkel Boedker.
3:53 of 2nd period - Shot Blocked by Christian Folin.
3:55 of 2nd period - Slapshot by Colten Teubert.
3:55 of 2nd period - Stopped by Christopher Gibson without a rebound.
3:56 of 2nd period - Bryan Little wins face-off versus Eric Staal in Flames zone.
4:46 of 2nd period - Snap shot by Andrew Ladd.
4:46 of 2nd period - Deflect By Charlie Coyle.
4:46 of 2nd period - Goal by Charlie Coyle - Avalanche : 1 - Flames : 0.
4:47 of 2nd period - Eric Staal wins face-off versus Bryan Little in neutral zone.
5:04 of 2nd period - Wrist shot by Mikkel Boedker.
5:04 of 2nd period - Stopped by Christopher Gibson without a rebound.
5:05 of 2nd period - Colin Wilson wins face-off versus Paul Stastny in Flames zone.
5:12 of 2nd period - James Van Riemsdyk is hit by Colby Robak and loses puck.
5:21 of 2nd period - Snap shot by Brad Marchand.
5:21 of 2nd period - Shot Misses the Net.
5:27 of 2nd period - Minor Penalty to Colten Teubert for High sticking.
5:28 of 2nd period - Eric Staal wins face-off versus Charlie Coyle in Avalanche zone.
5:43 of 2nd period - Sami Vatanen is hit by Luke Witkowski and loses puck.
6:00 of 2nd period - Marc Staal is hit by Brad Marchand and loses puck.
7:27 of 2nd period - Penalty to Colten Teubert is over, Colten Teubert is back on ice.
8:01 of 2nd period - Off-side.
8:02 of 2nd period - Eric Staal wins face-off versus Bryan Little in neutral zone.
8:05 of 2nd period - Mikkel Boedker is hit by Eric Staal and loses puck.
8:15 of 2nd period - Minor Penalty to David Ullstrom for Roughing.
8:16 of 2nd period - Vladimir Sobotka wins face-off versus Bryan Little in Flames zone.
8:33 of 2nd period - Sami Vatanen is hit by Marc Staal and loses puck.
9:57 of 2nd period - Icing by Marc Staal.
9:58 of 2nd period - Colin Wilson wins face-off versus Bryan Little in Avalanche zone.
10:15 of 2nd period - Penalty to David Ullstrom is over, David Ullstrom is back on ice.
10:23 of 2nd period - Snap shot by Jimmy Hayes.
10:23 of 2nd period - Stopped by Semyon Varlamov with a rebound.
11:17 of 2nd period - Wrist shot by Evgeny Dadonov.
11:17 of 2nd period - Shot Misses the Net.
11:19 of 2nd period - Slapshot by Mattias Ekholm.
11:19 of 2nd period - Shot Misses the Net.
11:21 of 2nd period - Slapshot by James Van Riemsdyk.
11:21 of 2nd period - Stopped by Christopher Gibson without a rebound.
11:22 of 2nd period - Eric Staal wins face-off versus Charlie Coyle in Flames zone.
11:22 of 2nd period - Eric Staal is hit by Marc Staal.
11:28 of 2nd period - Jack Johnson is hit by Christian Folin and loses puck.
11:54 of 2nd period - Snap shot by Bryan Little.
11:54 of 2nd period - Shot Misses the Net.
11:56 of 2nd period - Slapshot by Jack Johnson.
11:56 of 2nd period - Shot Misses the Net.
11:58 of 2nd period - Slapshot by Marc Staal.
11:58 of 2nd period - Stopped by Christopher Gibson with a rebound.
12:30 of 2nd period - Slapshot by Charlie Coyle.
12:30 of 2nd period - Shot Misses the Net.
12:51 of 2nd period - Brad Marchand is hit by Luke Witkowski and loses puck.
13:02 of 2nd period - Minor Penalty to Colby Robak for High sticking.
13:03 of 2nd period - Bryan Little wins face-off versus David Backes in Flames zone.
13:26 of 2nd period - Minor Penalty to David Backes for Slashing.
13:27 of 2nd period - Eric Staal wins face-off versus Bryan Little in Flames zone.
13:38 of 2nd period - Snap shot by Bryan Little.
13:38 of 2nd period - Stopped by Christopher Gibson without a rebound.
13:39 of 2nd period - Mikkel Boedker wins face-off versus Brad Marchand in Flames zone.
13:40 of 2nd period - Wrist shot by Patric Hornqvist.
13:40 of 2nd period - Stopped by Christopher Gibson with a rebound.
13:42 of 2nd period - Slapshot by Bryan Little.
13:42 of 2nd period - Stopped by Christopher Gibson with a rebound.
15:02 of 2nd period - Penalty to Colby Robak is over, Colby Robak is back on ice.
15:26 of 2nd period - Penalty to David Backes is over, David Backes is back on ice.
15:30 of 2nd period - Backhand shot by David Backes.
15:30 of 2nd period - Shot Misses the Net.
15:46 of 2nd period - Wrist shot by Colin Wilson.
15:46 of 2nd period - Stopped by Semyon Varlamov with a rebound.
16:00 of 2nd period - Snap shot by Colin Wilson.
16:00 of 2nd period - Stopped by Semyon Varlamov with a rebound.
16:12 of 2nd period - Snap shot by Andrew Ladd.
16:12 of 2nd period - Stopped by Christopher Gibson without a rebound.
16:13 of 2nd period - Anders Lee wins face-off versus Kyle Turris in Flames zone.
16:22 of 2nd period - Slapshot by Jimmy Hayes.
16:22 of 2nd period - Shot Blocked by Kyle Turris.
16:24 of 2nd period - Snap shot by Jimmy Hayes.
16:24 of 2nd period - Stopped by Semyon Varlamov without a rebound.
16:25 of 2nd period - Anders Lee wins face-off versus Bryan Little in Avalanche zone.
16:30 of 2nd period - Snap shot by Steve Regier.
16:30 of 2nd period - Goal by Steve Regier - Avalanche : 1 - Flames : 1.
16:31 of 2nd period - Eric Staal wins face-off versus Bryan Little in neutral zone.
16:39 of 2nd period - Minor Penalty to Marc Staal for Hooking.
16:40 of 2nd period - Eric Staal wins face-off versus Charlie Coyle in Avalanche zone.
16:42 of 2nd period - Snap shot by Alexander Semin.
16:42 of 2nd period - Deflect By Alexander Radulov.
16:42 of 2nd period - Shot Misses the Net.
16:42 of 2nd period - Puck is out of play.
16:43 of 2nd period - Charlie Coyle wins face-off versus Alexander Semin in Avalanche zone.
16:53 of 2nd period - Slapshot by Sami Vatanen.
16:53 of 2nd period - Deflect By Alexander Semin.
16:53 of 2nd period - Shot Misses the Net.
16:53 of 2nd period - Puck is out of play.
16:54 of 2nd period - Charlie Coyle wins face-off versus Eric Staal in Avalanche zone.
16:54 of 2nd period - Charlie Coyle is hit by Eric Staal.
17:32 of 2nd period - Jack Johnson is hit by Colby Robak and loses puck.
18:15 of 2nd period - Slapshot by Andrew Ladd.
18:15 of 2nd period - Shot Blocked by Erik Johnson.
18:17 of 2nd period - Slapshot by Mattias Ekholm.
18:17 of 2nd period - Stopped by Christopher Gibson without a rebound.
18:18 of 2nd period - Alexander Semin wins face-off versus Peter Prucha in Flames zone.
18:37 of 2nd period - Erik Johnson is hit by Luke Witkowski and loses puck.
18:39 of 2nd period - Penalty to Marc Staal is over, Marc Staal is back on ice.
18:42 of 2nd period - Slapshot by Charlie Coyle.
18:42 of 2nd period - Stopped by Christopher Gibson without a rebound.
18:43 of 2nd period - Eric Staal wins face-off versus Bryan Little in Flames zone.
19:19 of 2nd period - Wrist shot by Kyle Palmieri.
19:19 of 2nd period - Deflect By Evgeny Dadonov.
19:19 of 2nd period - Shot Misses the Net.
19:19 of 2nd period - Puck is out of play.
19:20 of 2nd period - Charlie Coyle wins face-off versus Eric Staal in Avalanche zone.
19:33 of 2nd period - Slapshot by Peter Prucha.
19:33 of 2nd period - Stopped by Christopher Gibson with a rebound.
19:35 of 2nd period - Snap shot by Andrew Ladd.
19:35 of 2nd period - Deflect By Charlie Coyle.
19:35 of 2nd period - Stopped by Christopher Gibson with a rebound.
19:47 of 2nd period - Alexander Semin is hit by Marc Staal and loses puck.
Goals for this period are 1 for Avalanche vs 1 for Flames.
Shots for this period are 15 for Avalanche vs 6 for Flames.
3rd period
0:01 of 3rd period - Eric Staal wins face-off versus Bryan Little in neutral zone.
0:04 of 3rd period - Jack Johnson is hit by Alexander Semin and loses puck.
0:31 of 3rd period - Wrist shot by David Backes.
0:31 of 3rd period - Shot Blocked by Marc Staal.
1:03 of 3rd period - Snap shot by David Backes.
1:03 of 3rd period - Stopped by Semyon Varlamov without a rebound.
1:04 of 3rd period - Colin Wilson wins face-off versus James Van Riemsdyk in Avalanche zone.
1:54 of 3rd period - Wrist shot by Kyle Palmieri.
1:54 of 3rd period - Stopped by Semyon Varlamov with a rebound.
2:00 of 3rd period - Snap shot by David Ullstrom.
2:00 of 3rd period - Shot Blocked by Colten Teubert.
2:12 of 3rd period - Alexander Radulov is hit by Evgeny Dadonov and loses puck.
2:48 of 3rd period - Minor Penalty to Kyle Palmieri for Interference.
2:49 of 3rd period - Bryan Little wins face-off versus Colin Wilson in Flames zone.
3:57 of 3rd period - Bryan Little is hit by Colin Wilson and loses puck.
4:48 of 3rd period - Penalty to Kyle Palmieri is over, Kyle Palmieri is back on ice.
5:08 of 3rd period - Snap shot by Steve Regier.
5:08 of 3rd period - Stopped by Semyon Varlamov without a rebound.
5:08 of 3rd period - Minor Penalty to Steve Regier for Holding.
5:09 of 3rd period - Colin Wilson wins face-off versus Paul Stastny in Flames zone.
6:42 of 3rd period - Vladimir Sobotka is hit by Bryan Little and loses puck.
7:08 of 3rd period - Penalty to Steve Regier is over, Steve Regier is back on ice.
8:12 of 3rd period - Eric Staal is hit by Colten Teubert.
9:23 of 3rd period - Vladimir Sobotka is hit by Bryan Little and loses puck.
10:15 of 3rd period - Minor Penalty to Danny Richmond for Roughing.
10:16 of 3rd period - Eric Staal wins face-off versus Charlie Coyle in Avalanche zone.
10:41 of 3rd period - Icing by Alexander Radulov.
10:42 of 3rd period - Charlie Coyle wins face-off versus Colin Wilson in Flames zone.
10:59 of 3rd period - Jack Johnson is hit by Alexander Semin and loses puck.
11:06 of 3rd period - Snap shot by Alexander Semin.
11:06 of 3rd period - Stopped by Semyon Varlamov with a rebound.
12:15 of 3rd period - Penalty to Danny Richmond is over, Danny Richmond is back on ice.
12:21 of 3rd period - Off-side.
12:22 of 3rd period - Vladimir Sobotka wins face-off versus Bryan Little in neutral zone.
12:25 of 3rd period - Colten Teubert is hit by Kyle Palmieri and loses puck.
12:56 of 3rd period - Minor Penalty to Christian Folin for Interference.
12:57 of 3rd period - Colin Wilson wins face-off versus Paul Stastny in Flames zone.
13:08 of 3rd period - Slapshot by Erik Karlsson.
13:08 of 3rd period - Stopped by Christopher Gibson without a rebound.
13:09 of 3rd period - Bryan Little wins face-off versus Vladimir Sobotka in Flames zone.
13:12 of 3rd period - Snap shot by Patric Hornqvist.
13:12 of 3rd period - Shot Misses the Net.
13:24 of 3rd period - Wrist shot by Mikkel Boedker.
13:24 of 3rd period - Shot Blocked by David Backes.
14:56 of 3rd period - Penalty to Christian Folin is over, Christian Folin is back on ice.
15:04 of 3rd period - Minor Penalty to Charlie Coyle for Holding.
15:05 of 3rd period - Eric Staal wins face-off versus Luke Witkowski in Avalanche zone.
15:05 of 3rd period - Wrist shot by Alexander Semin.
15:05 of 3rd period - Goal by Alexander Semin - Avalanche : 1 - Flames : 2.
15:06 of 3rd period - Anders Lee wins face-off versus Charlie Coyle in neutral zone.
15:10 of 3rd period - Minor Penalty to Steve Regier for Slashing.
15:11 of 3rd period - Mikkel Boedker wins face-off versus Colin Wilson in Flames zone.
15:24 of 3rd period - Wrist shot by Bryan Little.
15:24 of 3rd period - Stopped by Christopher Gibson without a rebound.
15:25 of 3rd period - Vladimir Sobotka wins face-off versus Bryan Little in Flames zone.
15:38 of 3rd period - Sami Vatanen is hit by Erik Karlsson and loses puck.
15:51 of 3rd period - James Van Riemsdyk is hit by David Backes and loses puck.
17:10 of 3rd period - Penalty to Steve Regier is over, Steve Regier is back on ice.
17:25 of 3rd period - Icing by Jimmy Hayes.
17:26 of 3rd period - Charlie Coyle wins face-off versus Anders Lee in Flames zone.
18:04 of 3rd period - Snap shot by Jimmy Hayes.
18:04 of 3rd period - Shot Blocked by Mikkel Boedker.
18:06 of 3rd period - Backhand shot by Erik Johnson.
18:06 of 3rd period - Stopped by Semyon Varlamov with a rebound.
18:08 of 3rd period - Snap shot by Jimmy Hayes.
18:08 of 3rd period - Shot Blocked by Marc Staal.
18:10 of 3rd period - Slapshot by Erik Johnson.
18:10 of 3rd period - Shot Blocked by Jack Johnson.
18:12 of 3rd period - Snap shot by Steve Regier.
18:12 of 3rd period - Shot Misses the Net.
18:14 of 3rd period - Backhand shot by Steve Regier.
18:14 of 3rd period - Stopped by Semyon Varlamov with a rebound.
18:16 of 3rd period - Slapshot by Jimmy Hayes.
18:16 of 3rd period - Stopped by Semyon Varlamov without a rebound.
18:17 of 3rd period - Eric Staal wins face-off versus Charlie Coyle in Avalanche zone.
18:53 of 3rd period - Snap shot by Brad Marchand.
18:53 of 3rd period - Stopped by Semyon Varlamov with a rebound.
18:55 of 3rd period - Snap shot by Derek Meech.
18:55 of 3rd period - Goal by Derek Meech - Avalanche : 1 - Flames : 3.
18:56 of 3rd period - Anders Lee wins face-off versus Charlie Coyle in neutral zone.
19:12 of 3rd period - Minor Penalty to Jack Johnson for Tripping.
19:13 of 3rd period - Eric Staal wins face-off versus Charlie Coyle in Avalanche zone.
19:28 of 3rd period - Minor Penalty to Marc Staal for Roughing.
19:29 of 3rd period - Eric Staal wins face-off versus Mikkel Boedker in Avalanche zone.
19:40 of 3rd period - Alexander Radulov is hit by Mikkel Boedker and loses puck.
Goals for this period are 0 for Avalanche vs 2 for Flames.
Shots for this period are 2 for Avalanche vs 10 for Flames.